 Dungeon Sprint DCSS version 0.18.1-50-g88ac8fd (webtiles) character file.

4100000 tyranidshit the Conqueror (level 26, -29/242 HPs)
             Began as a Demonspawn Abyssal Knight on Sept 15, 2016.
             Was the Champion of Makhleb.
             Annihilated by a sculptor of flesh
             ... wielding a +9 great sword
              (271 damage)
             ... in the Dungeon (Sprint VIII: "Arena of Blood").
             The game lasted 00:02:42 (41 turns).

tyranidshit the Conqueror (Demonspawn Abyssal Knight) Turns: 41, Time: 00:02:42

Health: -29/242    AC: 10    Str: 22    XL:     26   Next: 46%
Magic:  10/54      EV: 31    Int: 14    God:    Makhleb [******]
Gold:   0          SH:  0    Dex: 15    Spells: 0 memorised, 79 levels left

rFire  + . .     SeeInvis .     j - +∞ Axe of Woe
rCold  . . .     Gourm    .     b - +0 leather armour
rNeg   . . .     Faith    .     (shield currently unavailable)
rPois  +         Spirit   .     (helmet unavailable)
rElec  .         Dismiss  .     (no cloak)
rCorr  .         Reflect  .     (no gloves)
SustAt .         Harm     .     (no boots)
MR     +....     NoTele   +     (no amulet)
Stlth  +++++++++.               (no ring)
                                (no ring)

@: somewhat resistant to hostile enchantments, incredibly stealthy
A: horns 3, slimy green scales 3, fire resistance 1, ignite blood, spiny 3,
augmentation 3, flame cloud immunity
a: Minor Destruction, Lesser Servant of Makhleb, Major Destruction, Greater
Servant of Makhleb, Renounce Religion


You were in the Dungeon.
You worshipped Makhleb.
Makhleb was exalted by your worship.
You were not hungry.

You visited 1 branch

Inventory:

Hand Weapons
 a - a +1 hand axe
 j - the +∞ Axe of Woe (weapon)
   (You found it in the Dungeon)
Armour
 b - a +0 leather armour (worn)
Scrolls
 i - a scroll of blinking
Potions
 d - a potion of curing
 e - a potion of heal wounds
 f - a potion of haste
 g - 2 potions of magic
 h - a potion of berserk rage
Comestibles
 c - a bread ration


   Skills:
 O Level 27 Fighting
 O Level 27 Axes
 O Level 27 Throwing
 O Level 27 Armour
 O Level 27 Dodging
 O Level 27 Stealth
 O Level 27 Unarmed Combat
 O Level 27 Spellcasting
 O Level 27 Invocations


You had 79 spell levels left.
You didn't know any spells.

Dungeon Overview and Level Annotations

Branches:
Dungeon (1/1)

Altars:
Makhleb


Innate Abilities, Weirdness & Mutations

You have a pair of large horns on your head.
You are completely covered in slimy green scales (AC +4, rPois).
Your flesh is heat resistant.
Your demonic aura causes spilled blood to erupt in flames.
You are completely covered in sharp spines.
Your magical and physical power is greatly enhanced at high health.
You are immune to clouds of flame.


Message History

Makhleb accepts your kill.
The meat berserker rages.
You hear a shout! x3
The bag of meat is engulfed in roaring flames.
You hear a shout! x2
Some corpses begin to drag themselves along the ground!
Some corpses meld into agglomerations of writhing flesh!
You hear a shout! 2 orcs, 2 small abominations, 3 crawling corpses and a vampire knight come into view.
You hear a shout! x4
The destroyer blinks!
The bag of meat is engulfed in roaring flames.
You hear a shout! x2
The large bag of meat is engulfed in roaring flames.
You hear a shout! x2
The bag of meat is engulfed in roaring flames.
You hear a shout!
The sculptor of flesh hits you with a +9 great sword!!!!!
Ouch! That really hurt!
You die...

...%.._)))........
......###)%.......#
.###...x.).###.%.oo
#...§)).#.o....o
.#...§x))#o.....o
......%§§o§..Oo...
..Vo...§§xo§o.#.
......OV§C.xC#...
......x§ox@##..o..
.#....%..z#.o....#
......§...#...###.
##.#............
.................
..#.....####....
....... ....
....... ..#


You could see a destroyer, a sculptor of flesh, 2 large bags of meat, 2 meat
berserkers, 2 small abominations, 13 bags of meat and 4 crawling corpses.

Vanquished Creatures
  5 vampire knights (D)
  15 ogres (D)
  28 orcs (D)
  4 hill giants (D)
  A skeletal warrior (D)
  A small abomination (D)
  3 crawling corpses (D)
57 creatures vanquished.

Vanquished Creatures (others)
  A crawling corpse (D)
1 creature vanquished.

Grand Total: 58 creatures vanquished

Notes
Turn   | Place    | Note
--------------------------------------------------------------
     0 | D        | tyranidshit the Demonspawn Abyssal Knight began the quest for the Orb.
     0 | D        | Reached XP level 1. HP: 18/18 MP: 2/2
     2 | D        | Noticed a bag of meat
     3 | D        | Noticed a bag of meat
     3 | D        | Noticed a bag of meat
     3 | D        | Fell from the grace of Lugonu
     3 | D        | Became a worshipper of Makhleb the Destroyer
     4 | D        | Noticed a bag of meat
     5 | D        | Noticed a bag of meat
     5 | D        | Noticed a meat berserker
     7 | D        | Noticed a meat berserker
     8 | D        | Noticed a bag of meat
     8 | D        | Killed a bag of meat
     8 | D        | Reached skill level 10 in Armour
     8 | D        | Gained mutation: You have a pair of small horns on your head. [demonic ancestry]
     8 | D        | Reached XP level 2. HP: 54/54 MP: 2/9
     8 | D        | Gained mutation: You are partially covered in slimy green scales (AC +2). [demonic ancestry]
     8 | D        | Reached XP level 3. HP: 60/60 MP: 2/11
     8 | D        | Gained mutation: Your flesh is heat resistant. [demonic ancestry]
     8 | D        | Reached XP level 4. HP: 68/68 MP: 2/12
     8 | D        | Reached XP level 5. HP: 74/74 MP: 2/14
     8 | D        | Gained mutation: You are mostly covered in slimy green scales (AC +3). [demonic ancestry]
     8 | D        | Reached XP level 6. HP: 82/82 MP: 2/15
     8 | D        | Gained mutation: You are immune to clouds of flame. [demonic ancestry]
     8 | D        | Reached XP level 7. HP: 88/88 MP: 2/16
     8 | D        | Reached XP level 8. HP: 96/96 MP: 2/17
     8 | D        | Gained mutation: You have a pair of horns on your head. [demonic ancestry]
     8 | D        | Reached XP level 9. HP: 102/102 MP: 2/18
     8 | D        | Gained mutation: You are completely covered in slimy green scales (AC +4, rPois). [demonic ancestry]
     8 | D        | Reached XP level 10. HP: 110/110 MP: 2/19
     8 | D        | Gained mutation: You have a pair of large horns on your head. [demonic ancestry]
     8 | D        | Reached XP level 11. HP: 116/116 MP: 2/20
     9 | D        | Noticed a bag of meat
     9 | D        | Killed a bag of meat
     9 | D        | Reached * piety under Makhleb
     9 | D        | Gained mutation: Your magical and physical power is slightly enhanced at high health. [demonic ancestry]
     9 | D        | Reached XP level 12. HP: 36/130 MP: 2/23
     9 | D        | Killed a meat berserker
     9 | D        | Reached skill level 27 in Fighting
     9 | D        | Reached skill level 15 in Axes
     9 | D        | Gained mutation: Your magical and physical power is enhanced at high health. [demonic ancestry]
     9 | D        | Reached XP level 13. HP: 40/145 MP: 2/25
     9 | D        | Gained mutation: You are partially covered in sharp spines. [demonic ancestry]
     9 | D        | Reached XP level 14. HP: 42/153 MP: 2/26
    10 | D        | Killed a bag of meat
    10 | D        | Reached ** piety under Makhleb
    10 | D        | Reached skill level 15 in Armour
    10 | D        | Reached skill level 5 in Dodging
    10 | D        | Killed a meat berserker
    10 | D        | Reached XP level 15. HP: 147/159 MP: 2/30
    10 | D        | Reached *** piety under Makhleb
    11 | D        | Gained mutation: Your magical and physical power is greatly enhanced at high health. [demonic ancestry]
    11 | D        | Reached XP level 16. HP: 167/167 MP: 2/32
    12 | D        | Noticed a meat berserker
    12 | D        | Killed a meat berserker
    12 | D        | Reached **** piety under Makhleb
    12 | D        | Reached skill level 10 in Dodging
    12 | D        | Reached skill level 27 in Invocations
    12 | D        | Reached XP level 17. HP: 174/174 MP: 3/34
    15 | D        | Noticed a meat berserker
    15 | D        | Noticed a large bag of meat
    15 | D        | Noticed a meat berserker
    16 | D        | Noticed a meat berserker
    16 | D        | Noticed a meat berserker
    16 | D        | Reached ***** piety under Makhleb
    16 | D        | Reached skill level 27 in Axes
    17 | D        | Noticed a meat berserker
    17 | D        | Noticed a meat berserker
    18 | D        | Reached skill level 27 in Armour
    18 | D        | Gained mutation: You are mostly covered in sharp spines. [demonic ancestry]
    18 | D        | Reached XP level 18. HP: 182/182 MP: 4/35
    19 | D        | Killed a meat berserker
    19 | D        | Killed a meat berserker
    19 | D        | Reached skill level 27 in Dodging
    19 | D        | Reached XP level 19. HP: 189/189 MP: 4/36
    20 | D        | Reached ****** piety under Makhleb
    20 | D        | Killed a meat berserker
    21 | D        | Killed a large bag of meat
    21 | D        | Killed a meat berserker
    21 | D        | Reached skill level 15 in Throwing
    21 | D        | Reached skill level 15 in Unarmed Combat
    21 | D        | Reached skill level 15 in Spellcasting
    21 | D        | Reached XP level 20. HP: 197/197 MP: 4/39
    21 | D        | Killed a meat berserker
    22 | D        | Noticed a destroyer
    23 | D        | Killed a meat berserker
    23 | D        | Reached XP level 21. HP: 204/204 MP: 5/45
    24 | D        | Noticed a destroyer
    27 | D        | Killed a destroyer
    27 | D        | Reached XP level 22. HP: 212/212 MP: 6/50
    28 | D        | Reached skill level 27 in Stealth
    29 | D        | Noticed a destroyer
    30 | D        | Noticed a destroyer
    31 | D        | Reached skill level 27 in Throwing
    31 | D        | Reached skill level 27 in Unarmed Combat
    31 | D        | Reached skill level 27 in Spellcasting
    32 | D        | Reached XP level 23. HP: 206/219 MP: 7/54
    32 | D        | Killed a destroyer
    35 | D        | Gained mutation: You are completely covered in sharp spines. [demonic ancestry]
    35 | D        | Reached XP level 24. HP: 139/227 MP: 8/54
    36 | D        | Noticed a destroyer
    36 | D        | Killed a destroyer
    36 | D        | Noticed a destroyer
    37 | D        | Reached XP level 25. HP: 234/234 MP: 8/54
    37 | D        | Killed a destroyer
    40 | D        | Gained mutation: Your demonic aura causes spilled blood to erupt in flames. [demonic ancestry]
    40 | D        | Reached XP level 26. HP: 242/242 MP: 9/54
    40 | D        | Killed a destroyer
    41 | D        | Noticed a destroyer
    41 | D        | Annihilated by a sculptor of flesh

Skill      XL: |  1  2  3  4  5  6  7  8  9 10 11 12 13 14 15 16 17 18 19 20 21 22 |
---------------+-------------------------------------------------------------------+-----
Fighting       | 21 23 27 | 27.0
Axes           | 11 12 15 19 22 25 27 | 27.0
Armour         | 10 12 14 18 20 22 27 | 27.0
Dodging        | 2 3 6 8 10 16 27 | 27.0
Invocations    | 13 14 17 22 24 27 | 27.0
Throwing       | 15 20 24 27 | 27.0
Stealth        | 16 21 26 27 | 27.0
Unarmed Combat | 15 20 24 27 | 27.0
Spellcasting   | 15 20 24 27 | 27.0

Action                   |  1- 3 |  4- 6 |  7- 9 | 10-12 | 13-15 | 16-18 | 19-21 | 22-24 | 25-27 || total
-------------------------+-------+-------+-------+-------+-------+-------+-------+-------+-------++-------
Melee: Executioner's axe |     1 |       |       |     1 |     2 |     5 |     6 |     7 |     2 ||    24
Armor: Leather armour    |       |       |       |       |     1 |       |       |       |       ||     1
Dodge: Dodged            |       |       |       |       |     1 |       |     1 |       |       ||     2
